 Dungeon Crawl Stone Soup version 0.29-a0-275-g389c0b56f3 (webtiles) character file.

Game seed: 10824168692843234586

65 Anunax the Stinger (level 4, 0/27 HPs)
             Began as an Octopode Venom Mage on Mar 10, 2022.
             Slain by an ice beast (3 damage)
             ... on level 3 of the Dungeon.
             The game lasted 00:07:12 (1851 turns).

Anunax the Stinger (Octopode Venom Mage)            Turns: 1851, Time: 00:07:12

Health: 0/27       AC:  1    Str:  7    XL:     4   Next: 13%
Magic:  6/7        EV: 13    Int: 25    God:
Gold:   136        SH:  0    Dex: 12    Spells: 7/8 levels left

rFire   x . .      SeeInvis .   j - +0 short sword
rCold   + . .      Faith    .   (no shield)
rNeg    . . .      Spirit   .   (helmet restricted)
rPois   .          Reflect  .   (no amulet)
rElec   .          Harm     .   b - ring of ice
rCorr   .          Rampage  .   f - +6 ring of intelligence
Will    .....                   (no ring)
Stlth   +++.......              (no ring)
HPRegen 0.09/turn               (no ring)
MPRegen 0.10/turn               (no ring)
                                (no ring)
                                (no ring)

@: no status effects
A: almost no armour, amphibious, 8 rings, camouflage 1, gelatinous body 1,
(nimble swimmer 1), tentacles
a: no special abilities


You were on level 3 of the Dungeon.
You visited 1 branch of the dungeon, and saw 3 of its levels.

You collected 136 gold pieces.

Inventory:

Hand Weapons
 j - a +0 short sword (weapon)
Jewellery
 b - a ring of ice (left tentacle)
 f - a +6 ring of intelligence (right tentacle)
Scrolls
 h - 2 scrolls of teleportation
 l - a scroll of holy word
 m - a scroll of amnesia
Potions
 a - a potion of magic
 e - 2 potions of lignification
 g - a potion of invisibility
 i - a potion of curing {unknown}
 k - a potion of haste


   Skills:
 + Level 0.3 Short Blades
 + Level 2.2 Dodging
 + Level 2.8 Stealth
 + Level 0.2 Unarmed Combat
 + Level 2.6 Spellcasting
 + Level 1.7 Transmutations
 + Level 4.7 Poison Magic


You had 7 spell levels left.
You knew the following spells:

 Your Spells              Type           Power      Damage    Failure   Level
a - Sting                 Tmut/Pois      76%        1d6       2%          1

Your spell library contained the following spells:

 Spells                   Type           Power      Damage    Failure   Level
 Poisonous Vapours        Pois/Air       30%        N/A       6%          2
 Olgreb's Toxic Radiance  Pois           26%        N/A       16%         4
 Mephitic Cloud           Conj/Pois/Air  11%        N/A       17%         3


Dungeon Overview and Level Annotations

Branches:
Dungeon (3/15)

Altars:

Shops:
D:1 (:*:(


Innate Abilities, Weirdness & Mutations

You cannot wear most types of armour.
You are amphibious.
You can wear up to eight rings at the same time.
Your skin changes colour to match your surroundings (Stealth+).
Your rubbery body absorbs attacks. (AC +1, EV +1)
((You are camouflaged when in or above water. (Stealth+)))
You have tentacles for arms and can constrict up to eight enemies at once.


Message History

The ice beast is lightly wounded.
The ice beast attacks as you move away! The ice beast hits you.
The ice beast freezes you. You resist.
Casting: Sting (safe; 2% risk of failure)
Confirm with . or Enter, or press ? or * to list all spells.
Aiming: Sting (safe; 2% risk of failure)
Press: ? - help, Shift-Dir - straight line, f/p - ice beast
Aim: an ice beast (lightly wounded, poisoned, 74% to hit)
The sting hits the ice beast.
The ice beast partially resists.
The ice beast looks even sicker.
The ice beast is lightly wounded.
The ice beast hits you. The ice beast freezes you. You resist.
You hit the ice beast but do no damage.
The ice beast is lightly wounded.
The ice beast closely misses you.
You hit the ice beast.
The ice beast is moderately wounded.
The ice beast hits you. The ice beast freezes you. You resist.
You closely miss the ice beast.
The ice beast is moderately wounded.
The ice beast closely misses you.
You hit the ice beast.
The ice beast is moderately wounded.
The ice beast hits you.
* * * LOW HITPOINT WARNING * * *
The ice beast freezes you. You resist.
* * * LOW HITPOINT WARNING * * *
You hit the ice beast but do no damage. You squeeze the ice beast.
The ice beast is heavily wounded.
The ice beast completely misses you.
You hit the ice beast. Your squeeze misses the ice beast.
The ice beast is heavily wounded.
The ice beast barely misses you.
You barely miss the ice beast.
The ice beast is heavily wounded.
The ice beast barely misses you.
You hit the ice beast but do no damage. Your squeeze misses the ice beast.
The ice beast is heavily wounded.
The ice beast hits you.
You die...

#................#.#.#
#.......##.......#...#
#.......##.......#.#.#
##.).....##.......###.#
(.......)##.......###.#
#.....................
#.....).#.#.########.#
#.####Y##.#.# #.# #
#..@........ ..#
#.............. ...
##.#.##.##.#.### #### #
#. #.##.#.# . ........
## #### . ..


You could see an ice beast (poisoned).

Vanquished Creatures
  2 adders (D:2)
  A dart slug (D:1)
  3 ball pythons (D:1)
  4 bats
  An endoplasm (D:1)
  A giant cockroach (D:2)
  6 goblins
  3 hobgoblins
  4 jackals (D:1)
  2 quokkas
  5 frilled lizards (D:1)
  6 kobolds
  5 rats
43 creatures vanquished.

Notes
Turn   | Place    | Note
-------+----------+-------------------------------------------
     0 | D:1      | Anunax the Octopode Venom Mage began the quest for the Orb.
     0 | D:1      | Reached XP level 1. HP: 11/11 MP: 3/3
    77 | D:1      | Found Cyiffurch's Antique Weapon Emporium.
   102 | D:1      | Reached XP level 2. HP: 17/17 MP: 0/5
   102 | D:1      | Found Nopn's Book Shop.
   106 | D:1      | Reached skill level 4 in Poison Magic
   177 | D:1      | Found Enekule's Assorted Antiques.
   203 | D:1      | Found Uraoshat's Book Emporium.
   208 | D:1      | Found a faded altar of an unknown god.
   250 | D:1      | Found Velohun's Weapon Emporium.
   492 | D:1      | Reached XP level 3. HP: 14/21 MP: 1/6
  1228 | D:2      | Reached XP level 4. HP: 27/27 MP: 5/7
  1838 | D:3      | Noticed an ice beast
  1851 | D:3      | Slain by an ice beast

Illustrated notes

Levels and vault maps discovered:
D:1:      minmay_arrival_stone_box, layout_rooms, serial_shops, shop, shop,
          nicolae_shop_crystal, shop, nicolae_square_shop,
          chequers_ecumenical_altar_simple
D:2:      layout_basic
D:3:      layout_basic, gammafunk_temple_overflow_elements

Skill      XL: |  1  2 |
---------------+-------+-----
Poison Magic   | 4 |  4.7
Short Blades   | |  0.3
Dodging        | |  2.2
Stealth        | |  2.8
Unarmed Combat | |  0.2
Spellcasting   | |  2.6
Transmutations | |  1.7

Action                   |  1- 3 |  4- 6 || total
-------------------------+-------+-------++-------
Melee: Unarmed           |    20 |       ||    20
       Tentacles         |     8 |     1 ||     9
       Constrict         |     7 |     3 ||    10
       Short sword       |    13 |    14 ||    27
 Cast: Sting             |    43 |    18 ||    61
  Use: Scroll            |       |     7 ||     7
Armor: Skin              |     3 |     3 ||     6
Dodge: Dodged            |    19 |    15 ||    34

Table legend: (Time is in decaauts)
 A = Elapsed time spent in this place.
 B = Non-inter-level travel time spent in this place.
 C = Inter-level travel time spent in this place.
 D = Time resting spent in this place.
 E = Time spent auto-exploring this place.
 F = Levels seen in this place.
 G = Mean time per level.
                   A        B        C        D        E       F      G
               +--------+--------+--------+--------+--------+-----+--------+
         Total |   1851 |   1826 |     25 |    166 |   1244 |   3 |  617.0 |
       Dungeon |   1851 |   1826 |     25 |    166 |   1244 |   3 |  617.0 |
               +--------+--------+--------+--------+--------+-----+--------+

Top non-repeatable levels by time:
     D:2: 834 daAuts
     D:1: 811 daAuts
     D:3: 205 daAuts
